 Dungeon Crawl Stone Soup version 0.30-b1-2-g02819fbbbe (webtiles) character file.

Game seed: 3215653284223295419

889416 sanka the Conqueror (level 27, -2/254 (273) HPs)
             Began as a Hill Orc Gladiator on May 20, 2023.
             Was the Champion of the Shining One.
             Killed from afar by a hellion (27 damage)
             ... with damnation
             ... on level 6 of Cocytus on May 21, 2023.
             The game lasted 03:42:05 (81471 turns).

sanka the Conqueror (Hill Orc Gladiator)           Turns: 81471, Time: 03:42:05

HP:   -2/254 (273)  AC: 59    Str: 33    XL:     27
MP:   39/39         EV: 20    Int: 13    God:    the Shining One [******]
Gold: 6188          SH: 21    Dex: 17    Spells: 26/26 levels left

rFire   + + .        b - +9 broad axe (holy)
rCold   + + +        Z - +5 kite shield {rC+ rF+}
rNeg    + + +        p - +18 gold dragon scales of the Jolly Lovers {rPois rF+ rC+ Str+3 Dex+2}
rPois   +            S - +3 crown of Dyrovepreva {rElec Int+2 SInv}
rElec   +            y - +2 cloak {Will+}
rCorr   +            r - +2 pair of gloves {Str+3}
SInv    +            f - +2 pair of boots {Fly}
Will    ++++.        j - amulet "Roiloet" {Acrobat +Inv Regen+ rCorr} Stlth
                     Q - ring of willpower
HPRegen 1.42/turn    q - ring of protection from cold
MPRegen 0.26/turn

%: acrobat, clarity
@: flying, glowing, drained, unable to drink
A: agile 1, clarity, clever 1, weak 1
}: 10/15 runes: serpentine, barnacled, slimy, silver, abyssal, demonic, glowing,
magical, fiery, dark
a: Renounce Religion, Evoke Invisibility, Divine Shield, Cleansing Flame, Summon
Divine Warrior


You were on level 6 of Cocytus.
You worshipped the Shining One.
The Shining One was exalted by your worship.
You visited 13 branches of the dungeon, and saw 61 of its levels.
You visited Pandemonium 1 time, and saw 13 of its levels.
You visited the Abyss 2 times.
You visited 2 bazaars.
You also visited: Trove, Sewer, Volcano and Wizlab.

You collected 11099 gold pieces.
You spent 4911 gold pieces at shops.

Inventory:

Hand Weapons
 a - the +8 mithril axe "Arga" {speed, Will+}
   (You found it on level 3 of the Depths)

   Will:      It increases your willpower.
 b - a +9 broad axe of holy wrath (weapon)
 w - a +9 antimagic broad axe
Missiles
 d - 7 throwing nets {=f}
 e - 19 javelins
 k - 46 boomerangs
 X - 24 silver javelins (quivered)
Armour
 f - a +2 pair of boots of flying (worn)
 p - the +18 gold dragon scales of the Jolly Lovers (worn) {rPois rF+ rC+ Str+3 Dex+2}
   (You acquired it on level 8 of the Dungeon)

   Str:       It affects your strength (+3).
   Dex:       It affects your dexterity (+2).
   rF:        It protects you from fire.
   rC:        It protects you from cold.
   rPois:     It protects you from poison.
 r - a +2 pair of gloves of strength (worn)
 y - a +2 cloak of willpower (worn)
 I - the +3 pair of seven-league boots {Rampage+∞}
   (You found it on level 5 of the Pits of Slime)

   Rampage+∞: When moving toward enemies, its wearer moves as far as possible.
 S - the +3 crown of Dyrovepreva (worn) {rElec Int+2 SInv}
   (You bought it in a shop on level 2 of the Orcish Mines)

   Int:       It affects your intelligence (+2).
   rElec:     It insulates you from electricity.
   SInv:      It lets you see invisible.
 V - the +3 warlock's mirror {omnireflect}
   (You found it on level 12 of the Dungeon)

   Omnireflect: It can block and reflect piercing ranged attacks and magical
   attacks against the wielder's willpower.
 Z - a +5 kite shield of resistance (worn)
Jewellery
 i - a +5 ring of evasion
 j - the amulet "Roiloet" (around neck) {Acrobat +Inv Regen+ rCorr}
   (You found it on level 3 of the Elven Halls)

   [amulet of the acrobat]

   It increases your evasion while moving and waiting.
   +Inv:      It lets you turn invisible.
   Regen:     It increases your rate of health regeneration.
   rCorr:     It protects you from acid and corrosion.
 q - a ring of protection from cold (right hand)
 D - the ring of Qyask {+Blink Fly rN+ Str+6}
   (You found it on level 5 of the Pits of Slime)

   [ring of strength]

   Str:       It affects your strength (+6).
   rN:        It protects you from negative energy.
   Fly:       It grants you flight.
   +Blink:    It lets you blink.
 M - a ring of protection from fire
 O - the amulet of Xeleimi {rElec rF++ Regen+ rCorr Int-2}
   (You found it on level 2 of the Realm of Zot)

   [amulet of regeneration]

   Int:       It affects your intelligence (-2).
   rF:        It greatly protects you from fire.
   rElec:     It insulates you from electricity.
   Regen:     It increases your rate of health regeneration.
   rCorr:     It protects you from acid and corrosion.
 Q - a ring of willpower (left hand)
 T - a +6 ring of strength
 Y - a +5 ring of evasion
Wands
 g - a wand of quicksilver (32)
 h - a wand of iceblast (68)
 J - a wand of mindburst (36)
 N - a wand of digging (47)
Scrolls
 n - 10 scrolls of fear
 o - 16 scrolls of blinking
 t - 7 scrolls of noise {!r}
 x - 11 scrolls of magic mapping
 z - 6 scrolls of fog
 C - 6 scrolls of enchant armour
 F - 7 scrolls of silence {!r}
 L - a scroll of enchant weapon
 P - 24 scrolls of teleportation {@r4}
 R - 5 scrolls of brand weapon
Potions
 c - 20 potions of attraction {!q}
 l - 7 potions of invisibility
 m - 2 potions of might
 s - 14 potions of curing {@q1}
 u - 8 potions of flight
 v - 4 potions of heal wounds {@q2}
 A - 11 potions of cancellation
 B - 8 potions of magic
 E - 7 potions of mutation {!q}
 G - 4 potions of ambrosia
 H - 3 potions of berserk rage {!q}
 K - 3 potions of brilliance
 U - 4 potions of haste {@q3}
 W - 5 potions of resistance


   Skills:
 O Level 27 Fighting
 - Level 19.0 Axes
 - Level 16.0 Throwing
 + Level 26.1 Armour
 + Level 25.6 Dodging
 + Level 21.0 Shields
 + Level 25.5 Invocations


You had 26 spell levels left.
You didn't know any spells.
Your spell library contained the following spells:

 Spells                   Type           Power      Damage    Failure   Level
 Freeze                   Ice            0%         1d3       87%         1
 Kiss of Death            Conj/Necr      0%         2d5       87%         1
 Magic Dart               Conj           0%         1d3       87%         1
 Necrotise                Necr           0%         1d4       87%         1
 Slow                     Hex            0%         N/A       87%         1
 Sting                    Tmut/Pois      0%         1d3       87%         1
 Summon Small Mammal      Summ           0%         N/A       87%         1
 Call Imp                 Summ           0%         N/A       95%         2
 Cigotuvi's Dreadful Rot  Necr/Pois/Air  0%         N/A       95%         2
 Ensorcelled Hibernation  Hex/Ice        0%         N/A       95%         2
 Lesser Beckoning         Tloc           0%         N/A       95%         2
 Passwall                 Tmut/Erth      0%         N/A       95%         2
 Sublimation of Blood     Necr           0%         N/A       95%         2
 Call Canine Familiar     Summ           0%         N/A       99%         3
 Confusing Touch          Hex            0%         N/A       99%         3
 Frozen Ramparts          Ice            0%         1d1       99%         3
 Gell's Gravitas          Tloc           0%         N/A       99%         3
 Hailstorm                Conj/Ice       0%         3d3       99%         3
 Ignite Poison            Fire/Tmut/Pois 0%         N/A       99%         3
 Inner Flame              Hex/Fire       0%         N/A       99%         3
 Mephitic Cloud           Conj/Pois/Air  0%         N/A       99%         3
 Ozocubu's Armour         Ice            0%         N/A       99%         3
 Portal Projectile        Hex/Tloc       0%         N/A       99%         3
 Summon Guardian Golem    Hex/Summ       0%         N/A       99%         3
 Swiftness                Air            0%         N/A       99%         3
 Teleport Other           Tloc           0%         N/A       99%         3
 Tukima's Dance           Hex            0%         N/A       99%         3
 Vampiric Draining        Necr           0%         2d6       99%         3
 Vhi's Electric Charge    Tloc/Air       0%         N/A       99%         3
 Animate Armour           Summ/Erth      0%         N/A       100%        4
 Dispel Undead            Necr           0%         3d6       100%        4
 Flame Wave               Conj/Fire      0%         2d4       100%        4
 Ice Form                 Ice/Tmut       0%         N/A       100%        4
 Manifold Assault         Tloc           0%         N/A       100%        4
 Olgreb's Toxic Radiance  Pois           0%         N/A       100%        4
 Passage of Golubria      Tloc           0%         N/A       100%        4
 Petrify                  Tmut/Erth      0%         N/A       100%        4
 Sticky Flame             Conj/Fire      0%         2d3       100%        4
 Summon Ice Beast         Ice/Summ       0%         N/A       100%        4
 Agony                    Necr           0%         N/A       100%        5
 Alistair's Intoxication  Tmut/Pois      0%         N/A       100%        5
 Arcjolt                  Conj/Air       0%         1d10      100%        5
 Blade Hands              Tmut           0%         N/A       100%        5
 Borgnjor's Vile Clutch   Necr/Erth      0%         N/A       100%        5
 Fireball                 Conj/Fire      0%         3d3       100%        5
 Freezing Cloud           Conj/Ice/Air   0%         6-21      100%        5
 Irradiate                Conj/Tmut      0%         3d11      100%        5
 Iskenderun's Battlesphe  Conj           0%         2d6       100%        5
 Metabolic Englaciation   Hex/Ice        0%         N/A       100%        5
 Silence                  Hex/Air        0%         N/A       100%        5
 Yara's Violent Unravell  Hex/Tmut       0%         3d3       100%        5
 Conjure Ball Lightning   Conj/Air       0%         3x3d6     100%        6
 Death Channel            Necr           0%         N/A       100%        6
 Dispersal                Tloc           0%         N/A       100%        6
 Eringya's Noxious Bog    Tmut/Pois      0%         N/A       100%        6
 Simulacrum               Ice/Necr       0%         N/A       100%        6
 Dragon Form              Tmut           0%         N/A       100%        7
 Enfeeble                 Hex            0%         N/A       100%        7
 Haunt                    Necr/Summ      0%         N/A       100%        7
 Orb of Destruction       Conj           0%         9d5       100%        7
 Ozocubu's Refrigeration  Ice            0%         4d7       100%        7
 Spellforged Servitor     Conj/Summ      0%         N/A       100%        7
 Borgnjor's Revivificati  Necr           0%         N/A       100%        8
 Disjunction              Tloc           0%         N/A       100%        8
 Ignition                 Fire           0%         3d3       100%        8
 Lehudib's Crystal Spear  Conj/Erth      0%         10d2      100%        8
 Maxwell's Capacitive Co  Air            0%         ∞         100%        8
 Necromutation            Tmut/Necr      0%         N/A       100%        8
 Death's Door             Necr           0%         N/A       100%        9
 Polar Vortex             Ice            0%         N/A       100%        9


Dungeon Overview and Level Annotations

Branches:
Dungeon (15/15)            Temple (0/1) D:7            Lair (5/5) D:10
 Shoals (4/4) Lair:2        Snake (4/4) Lair:3        Slime (5/5) Lair:4
    Orc (2/2) D:10            Elf (3/3) Orc:2        Vaults (5/5) D:13
  Crypt (3/3) Vaults:3       Tomb (0/3) Crypt:3      Depths (4/4) D:15
   Hell (visited)             Dis (0/7) Hell            Geh (0/7) Hell
    Coc (6/7) Hell            Tar (0/7) Hell            Zot (4/5) Depths:4
  Sewer (visited)         Volcano (visited)          WizLab (visited)

Altars:
Cheibriados
Dithmenos
Fedhas
Gozag
Hepliaklqana
Kikubaaqudgha
Makhleb
Nemelex Xobeh
Okawaru
Ru
Sif Muna
Trog
Vehumet
Wu Jian
Xom
Yredelemnul
Zin
The Shining One
Beogh
Lugonu

Shops:
D:4 !   D:9 *   D:11 [:[   D:12 =   Orc:2 [:?:   Elf:3 (   Shoals:1 *=!=
Shoals:2 *   Snake:2 :*:   Snake:3 *   Vaults:1 (   Vaults:2 !   Vaults:4 =
Vaults:5 [   Depths:2 (   Depths:3 :

Portals:
Hell: Lair:5 Depths:1 Depths:2 Depths:3 Depths:4
Abyss: Depths:3
Pandemonium: Depths:1 Depths:2 Depths:4
Ziggurat: Depths:4


Innate Abilities, Weirdness & Mutations

You are agile. (Dex +4, Str/Int -1)
You possess an exceptional clarity of mind.
Your mind is acute. (Int +4, Str/Dex -1)
You are weak. (Str -2)


Message History

The nargun is lightly damaged.
The wave splashes down.
The Ice Fiend claws you but does no damage.
The Ice Fiend barely misses you.
The nargun splashes around in the water. x2
The water elemental attacks as you move away!
You block the water elemental's attack.
Found a stone staircase leading down.
You feel sick.
The tormentor calls on the powers of darkness!
Your body is wracked with pain!
* * * LOW HITPOINT WARNING * * *
A torrent of water rises up through the elemental wellspring!
The torrent of water passes through the water elemental.
You block the torrent of water.
The wave splashes down.
The water elemental completely misses you.
The Ice Fiend completely misses you. You block the Ice Fiend's attack.
Unknown command.
The water elemental attacks as you move away!
The water elemental misses you.
You feel sick.
Water spirits pour forth from the elemental wellspring!
Unknown command.
Unknown command.
The water elemental attacks as you move away!
You block the water elemental's attack.
Your surroundings suddenly seem different.
You feel sick.
You are no longer poisoned.
Unknown command.
You start resting.
A hellion is nearby!
The hellion gestures at you.
The sphere of damnation explodes!
The damnation engulfs you!! The Shining One protects you from harm!
The sentinel's mark upon you fades away.
The hellion completely misses you.
You hit the hellion.
The hellion convulses.
The hellion is moderately wounded.
The hellion gestures at you.
The sphere of damnation explodes!
The damnation engulfs you!!
You die...

.≈#########
.≈≈≈≈≈≈≈.~##
..~≈~....≈≈≈≈≈≈....##
...≈≈....~≈≈≈≈......#
..>≈≈..~~~~≈≈≈≈.....#
..≈≈≈≈≈≈....≈≈≈≈....#
≈≈≈≈≈≈≈.~EE...≈≈≈~≈≈#
≈≈≈≈≈≈≈≈~..EEE..≈~≈≈#
≈≈≈≈≈≈≈≈~.E###..@~≈≈#
≈≈E≈.≈≈≈..## ####2≈≈#
.≈E≈..≈≈...## #E≈≈#
≈≈E1..§≈≈...#####.≈≈#
E≈≈9E.§§§.........≈≈#
≈≈~9EZE§§≈§≈≈≈...~≈≈#
~E~E.E1§§E§≈≈§≈≈~~≈≈#
≈~≈≈≈≈§§§§L1LE21.~≈≈#
.~≈≈≈≈≈~§§E~#


You could see 6 water elementals and a hellion.

Vanquished Creatures
  the Royal Jelly (Slime:5)
  Mnoleg (Pan)
  Gloorx Vloq (Pan)
  2 pandemonium lords (Pan)
  3 dread liches
  Lom Lobon (Pan)
  Mennas (Crypt:1)
  3 juggernauts
  A royal mummy (Crypt:3)
  Sojobo (Crypt:2)
  Bai Suzhen (Vaults:4)
  Saint Roka (Crypt:2)
  The ghost of Emnejil the Slayer, a master VSBe of Trog (Zot:1)
  4 caustic shrikes
  Geryon (Hell)
  4 curse toes
  12 golden dragons
  2 bone dragons (Abyss:3)
  the Enchantress (Depths:4)
  2 Tzitzimimeh (Pan)
  4 electric golems
  2 walking crystal tomes (Depths:2)
  Mlioglotl (Snake:2)
  16 tentacled monstrosities
  6 Ice Fiends
  A Hell Sentinel (Pan)
  Asterion (Vaults:1)
  5 liches
  26 titans
  9 deep elf master archers
  8 deep elf blademasters
  19 Executioners
  21 acid blobs
  6 death cobs
  9 quicksilver dragons
  2 tentacled starspawn (Abyss:3)
  2 eldritch tentacles (Pan)
  8 sphinxes
  2 ancient champions (Crypt:2)
  The ghost of Vorhees the Warrior, an adept MiFi of Gozag (Snake:3)
  12 storm dragons
  11 shadow dragons
  11 tengu reavers
  2 krakens
  2 draconian monks
  Ilsuiw (Shoals:3)
  5 nagarajas
  11 azure jellies
  3 revenants
  34 frost giants
  4 draconian knights
  4 demonspawn warmongers (Pan)
  A daeva (Abyss:3)
  8 rockslimes
  7 narguns
  4 iron dragons
  Aizul (Snake:1)
  13 deep elf sorcerers
  21 fire giants
  11 draconian scorchers
  2 angels
  11 ghost moths
  7 draconian shifters
  14 cacodemons (Pan)
  An emperor scorpion (D:14)
  5 curse skulls
  4 reapers
  20 vault wardens
  16 ironbound preservers
  A juggernaut zombie (Crypt:2)
  4 shard shrike simulacra
  The ghost of CommanderKeen the Grappler, a journeyman TrWr of Cheibriados (D:15)
  Louise (Snake:4)
  5 spriggan defenders
  12 balrugs
  5 draconian stormcallers
  2 demonspawn blood saints (Pan)
  2 orc warlords
  5 deep elf elementalists
  A caustic shrike skeleton (Pan)
  5 war gargoyles
  21 very ugly things
  7 ghouls
  A demonspawn corrupter (Pan)
  33 stone giants
  A broodmother (shapeshifter) (Depths:2)
  8 draconian annihilators
  9 quicksilver oozes
  15 ironbound thunderhulks
  7 demonspawn black suns (Pan)
  An ophan (Abyss:3)
  13 green draconians
  8 vampire knights
  8 black draconians
  11 deep elf demonologists
  5 lorocyprocas (Pan)
  14 elemental wellsprings
  24 red draconians
  12 dire elephants
  7 wendigos
  18 purple draconians
  2 minotaurs (Shoals:4)
  9 spark wasps
  16 white draconians
  11 deep elf annihilators
  5 merfolk javelineers
  29 ettins
  13 yellow draconians
  5 mummy priests (Crypt:3)
  3 eidola
  2 iron golems (Hell)
  24 blizzard demons (Pan)
  3 crystal guardians
  13 deep elf death magi
  8 green deaths
  10 fire dragons
  9 deep elf high priests
  6 jiangshi
  3 entropy weavers
  11 yaktaur captains
  A quicksilver dragon zombie (Crypt:1)
  5 merfolk impalers
  Josephine (D:12)
  13 great orbs of eyes
  9 ice dragons
  6 peacekeepers
  4 rakshasas
  8 salamander tyrants
  31 vault guards
  6 juggernaut simulacra
  3 hell beasts (Pan)
  4 hydras
  6 spriggan air magi
  4 ironbound frosthearts
  4 ogre magi
  7 merfolk aquamancers
  A spriggan skeleton (Pan)
  7 boulder beetles
  7 centaur warriors
  2 merfolk avatars (Shoals:3)
  15 anacondas
  10 caustic shrike simulacra
  A death knight (Crypt:1)
  13 two-headed ogres
  A spectral fire giant (D:15)
  8 deep troll earth magi
  A spectral frost giant (D:15)
  A tengu warrior (Depths:2)
  An alligator snapping turtle (Shoals:4)
  32 dancing weapons
  7 satyrs (Shoals:4)
  7 death yaks
  A deep troll shaman (Depths:3)
  2 orc high priests (Elf:2)
  5 hell hogs
  4 vampire magi
  21 hell knights
  2 bennu skeletons
  7 spriggan berserkers
  Nergalle (Orc:2)
  A shock serpent (shapeshifter) (Depths:3)
  10 naga warriors
  12 shock serpents
  7 thrashing horrors (Abyss:3)
  14 naga sharpshooters
  21 soul eaters
  8 spriggans
  26 sun demons
  6 iron trolls
  6 shadow wraiths (Pan)
  2 wretched stars (Abyss:3)
  10 salamander mystics
  27 skeletal warriors
  20 sixfirhies
  6 skysharks
  23 deep elf knights
  A flayed ghost (Depths:2)
  The ghost of Uberchile the Firebug, a novice DrFE of Qazlal (D:9)
  An anaconda zombie (Crypt:3)
  A bunyip zombie (Abyss:3)
  12 sea snakes
  A shadow demon (Pan)
  An orange crystal statue (Elf:2)
  38 deep trolls
  3 quicksilver dragon simulacra
  6 glowing orange brains
  22 wizards
  2 shadow dragon zombies
  9 bog bodies
  2 spriggan simulacra
  7 naga ritualists
  14 deep elf archers
  10 lindwurms
  6 orc knights
  15 ironbound convokers
  A broodmother zombie (Crypt:1)
  An iron dragon zombie (D:15)
  9 phantasmal warriors
  22 harpies
  6 wolf spiders (D:14)
  11 orc sorcerers
  6 cyclopes
  9 necromancers
  33 deep elf pyromancers
  28 deep elf zephyrmancers
  37 ugly things
  35 salamanders
  10 fauns
  A stone giant zombie (Crypt:1)
  16 mana vipers
  27 manticores
  18 moths of wrath
  A fire giant zombie (D:15)
  2 will-o-the-wisps
  A worldbinder (Abyss:3)
  7 rust devils
  The ghost of NitroKuite the Changer, a novice OpTm of Sif Muna (D:6)
  45 black mambas
  12 shining eyes
  10 apocalypse crabs
  10 guardian serpents
  18 vault sentinels
  6 demonic crawlers
  5 water nymphs
  6 gargoyles (WizLab)
  11 merfolk sirens
  A stone giant skeleton (Crypt:1)
  9 naga magi
  2 titan simulacra
  A cane toad (shapeshifter) (D:13)
  13 elephants
  A guardian serpent (shapeshifter) (Abyss:3)
  5 ice statues (Pan)
  3 molten gargoyles (WizLab)
  4 eyes of devastation
  22 smoke demons
  14 orange demons
  4 unseen horrors
  2 torpor snails
  3 centaur skeletons (Pan)
  13 cane toads
  A spriggan zombie (D:15)
  5 rime drakes (Lair:5)
  2 storm dragon simulacra
  7 komodo dragons
  5 hellions
  3 kobold demonologists
  A spectral glowing shapeshifter (D:15)
  An alligator snapping turtle skeleton (Pan)
  7 freezing wraiths
  32 yaktaurs
  Psyche (D:12)
  6 tormentors
  A bunyip simulacrum (Coc:1)
  A golden dragon simulacrum (Coc:6)
  2 anaconda simulacra
  A death yak skeleton (Crypt:3)
  2 ancient zymes (Abyss:3)
  31 guardian mummies (Crypt:3)
  11 ice devils
  An iron giant simulacrum (Coc:2)
  2 tengu conjurers (Depths:1)
  3 efreet (Pan)
  A white draconian skeleton (Crypt:1)
  A harpy zombie (Abyss:3)
  5 red devils
  22 hellwings
  2 merfolk (shapeshifter)
  30 merfolk
  9 trolls
  3 meliai (D:14)
  A tengu simulacrum (D:15)
  3 harpy skeletons
  10 hornets
  16 wind drakes
  21 blink frogs
  2 burning bushes (Lair:1)
  2 polar bears
  An alligator zombie (Crypt:2)
  9 raiju
  A dream sheep (shapeshifter) (D:15)
  2 iron dragon simulacra
  125 slime creatures
  6 snapping turtles
  11 dream sheep (Lair:5)
  A centaur simulacrum (Coc:2)
  5 stone giant simulacra
  A satyr skeleton (Crypt:2)
  A guardian serpent zombie (Crypt:3)
  10 flying skulls
  2 air elementals
  A culicivora (Vaults:1)
  3 shadows
  4 wyverns
  19 water elementals
  A vampire (D:13)
  14 ynoxinuls
  5 small abominations
  13 wraiths
  2 dire elephant simulacra
  2 fire elementals
  A basilisk (Lair:1)
  33 yaks
  7 fire bats
  4 golden eyes
  39 large abominations
  16 neqoxecs
  6 ushabtiu (Crypt:3)
  9 vampire mosquitoes
  17 chaos spawn
  5 wargs
  Menkaure (D:4)
  13 harpy simulacra
  6 hell hounds
  2 hydra simulacra
  2 acid dragons
  44 nagas
  A fire bat skeleton (Crypt:2)
  2 naga skeletons (Pan)
  12 water moccasins
  7 floating eyes
  Duvessa (D:6)
  A demonspawn skeleton (Crypt:3)
  A hornet zombie (Crypt:3)
  2 sky beasts
  A swamp drake (shapeshifter) (Vaults:5)
  24 orc warriors
  5 ettin simulacra
  An ice beast (D:8)
  A black bear (D:6)
  2 manticore zombies (Crypt:2)
  18 wolves
  2 tengu (Abyss:3)
  9 boggarts (Vaults:3)
  8 ogres
  9 centaurs
  A lindwurm skeleton (Crypt:3)
  3 phantoms
  11 starcursed masses
  11 bullfrogs
  2 kobold brigands (Sewer)
  2 necrophages
  A komodo dragon skeleton (Crypt:2)
  2 naga simulacra
  Blork the orc (D:6)
  4 scorpions
  4 earth elementals
  17 wights
  Dowan (D:6)
  12 killer bees
  A warg skeleton (Crypt:1)
  3 howler monkeys
  An electric eel (D:14)
  6 jellies
  A quasit (Abyss:3)
  A gnoll bouda (D:7)
  2 hounds
  14 orc priests
  An iron imp (Abyss:3)
  A sleepcap (D:5)
  7 hell rats (Hell)
  2 iguanas
  37 orc wizards
  2 lightning spires (WizLab)
  6 mummies (Crypt:3)
  A hound skeleton (Crypt:3)
  9 gnolls
  13 adders
  A steam dragon skeleton (Crypt:1)
  3 white imps
  3 ufetubi
  An adder skeleton (Crypt:2)
  A lava snake skeleton (Crypt:2)
  3 worms (Sewer)
  3 dart slugs
  66 orcs
  4 bats
  A bat skeleton (Crypt:1)
  11 endoplasms
  5 giant cockroaches
  10 goblins
  12 hobgoblins
  4 jackals (D:2)
  11 kobolds
  A quokka (D:2)
  12 ball pythons
  A dart slug zombie (Crypt:3)
  6 frilled lizards
  7 rats
  4 ball lightnings (Pan)
  A block of ice (Pan)
  A creeping inferno (Hell)
  8 fire vortices
  A lurking horror (Abyss:3)
  A spectral weapon (Vaults:1)
  8 tentacles
  2 withered plants (Crypt:3)
3187 creatures vanquished.

Vanquished Creatures (collateral kills)
  Cerebov (Pan)
  A Brimstone Fiend (Pan)
  A tentacled monstrosity (Pan)
  2 balrugs (Pan)
  2 cacodemons (Pan)
  2 draconian annihilators (Pan)
  A large abomination (Pan)
  A sixfirhy (Pan)
  A bog body (Crypt:1)
  A shining eye (Pan)
  An eleionoma skeleton (Crypt:1)
  An orange demon (Pan)
  A golden eye (Pan)
  2 neqoxecs (Pan)
18 creatures vanquished.

Vanquished Creatures (others)
  A titan (Pan)
  2 eldritch tentacles (Pan)
  A frost giant (Crypt:3)
  A draconian stormcaller (Zot:4)
  A stone giant (Crypt:2)
  An elemental wellspring (Coc:5)
  A demonspawn black sun (Pan)
  A deep elf annihilator (Pan)
  A wendigo (Coc:2)
  A green death (Pan)
  3 blizzard demons (Pan)
  2 deep elf high priests
  A naga sharpshooter (Snake:4)
  A quicksilver dragon simulacrum (Coc:2)
  A spriggan simulacrum (Coc:3)
  A deep elf archer (Vaults:3)
  A wizard (Pan)
  A shining eye (Slime:3)
  A kobold demonologist (D:13)
  2 guardian mummies (Crypt:3)
  An iron giant simulacrum (Coc:5)
  3 wind drakes (Pan)
  An iron dragon simulacrum (Coc:2)
  A stone giant simulacrum (Coc:3)
  A water elemental (Shoals:4)
  2 dire elephant simulacra (Coc:2)
  2 chaos spawn (Abyss:3)
  2 ettin simulacra
  An orc wizard (Orc:2)
  A mummy (Crypt:3)
  An orc (Orc:1)
  A kobold (D:13)
  16 ball lightnings (Pan)
  6 foxfires
  8 fungi
  62 plants
  4 starspawn tentacles
  4 tentacles
  3 withered plants (Crypt:3)
145 creatures vanquished.

Grand Total: 3350 creatures vanquished

Notes
Turn   | Place    | Note
-------+----------+-------------------------------------------
     0 | D:1      | sanka the Hill Orc Gladiator began the quest for the Orb.
     0 | D:1      | Reached XP level 1. HP: 18/18 MP: 1/1
   242 | D:1      | Reached XP level 2. HP: 25/25 MP: 2/2
   468 | D:1      | Reached skill level 3 in Fighting
   477 | D:1      | Reached skill level 5 in Axes
   491 | D:1      | Reached XP level 3. HP: 30/31 MP: 3/3
  1400 | D:2      | Reached XP level 4. HP: 21/38 MP: 4/4
  2293 | D:3      | Found a snail-covered altar of Cheibriados.
  2294 | D:3      | Found a sparkling altar of Nemelex Xobeh.
  2299 | D:3      | Found a bloodstained altar of Trog.
  2300 | D:3      | Found an iron altar of Okawaru.
  2300 | D:3      | Found a sacrificial altar of Ru.
  2300 | D:3      | Found a burning altar of Makhleb.
  2300 | D:3      | Found an ornate altar of the Wu Jian Council.
  2300 | D:3      | Found a glowing silver altar of Zin.
  2301 | D:3      | Found a glowing golden altar of the Shining One.
  2302 | D:3      | Found a shimmering altar of Xom.
  2305 | D:3      | Found an ancient bone altar of Kikubaaqudgha.
  2306 | D:3      | Found a blossoming altar of Fedhas.
  2310 | D:3      | Became a worshipper of Warmaster Okawaru
  2471 | D:3      | Reached XP level 5. HP: 46/46 MP: 5/5
  2530 | D:3      | Reached skill level 4 in Fighting
  3564 | D:4      | Reached XP level 6. HP: 53/53 MP: 6/6
  3636 | D:4      | Found Wuvumy's Distillery.
  3644 | D:4      | Bought a potion of heal wounds for 60 gold pieces
  3644 | D:4      | Bought a potion of heal wounds for 60 gold pieces
  3926 | D:4      | Found a shimmering blue altar of Sif Muna.
  4059 | D:4      | Noticed Menkaure
  4156 | D:4      | Killed Menkaure
  4157 | D:4      | Reached skill level 5 in Fighting
  4623 | D:4      | Bought a potion of degeneration for 12 gold pieces
  4659 | D:5      | Entered Level 5 of the Dungeon
  4722 | D:5      | Reached XP level 7. HP: 54/61 MP: 7/7
  4807 | D:5      | Reached * piety under Okawaru
  4976 | D:5      | Reached skill level 1 in Invocations
  5002 | D:5      | Reached skill level 6 in Fighting
  5056 | D:5      | Found a glowing drain.
  5060 | Sewer    | Entered a sewer
  5284 | Sewer    | Reached skill level 10 in Axes
  5284 | Sewer    | Reached XP level 8. HP: 69/70 MP: 9/9
  5517 | Sewer    | Gained mutation: You are somewhat resistant to further
                  | mutation. [potion of mutation]
  5902 | D:5      | Identified the +1 pair of boots of Ghostly Beauty {+Blink
                  | rF+}
  5915 | D:5      | Reached ** piety under Okawaru
  6247 | D:4      | Bought a potion of attraction for 36 gold pieces
  6508 | D:6      | Reached skill level 7 in Fighting
  6595 | D:6      | Noticed NitroKuite's ghost (novice OpTm)
  6597 | D:6      | Found a transporter.
  6605 | D:6      | Found a transporter.
  6785 | D:6      | Found an opulent altar of Gozag.
  7074 | D:6      | Reached skill level 5 in Invocations
  7074 | D:6      | Reached XP level 9. HP: 47/77 MP: 9/12
  7384 | D:4      | Bought a potion of cancellation for 96 gold pieces
  7525 | D:6      | Reached skill level 8 in Fighting
  7546 | D:6      | Noticed Duvessa
  7550 | D:6      | Killed Duvessa
  7551 | D:6      | Noticed Dowan
  7557 | D:6      | Killed Dowan
  7666 | D:6      | Noticed Blork the orc
  7670 | D:6      | Killed Blork the orc
  8103 | D:7      | Reached *** piety under Okawaru
  8213 | D:7      | Found a staircase to the Ecumenical Temple.
  8229 | D:7      | Reached skill level 9 in Fighting
  8628 | D:7      | Reached XP level 10. HP: 82/91 MP: 13/13
  9322 | D:8      | Found a basalt altar of Yredelemnul.
  9323 | D:8      | Found a hazy altar of Hepliaklqana.
  9324 | D:8      | Found a hazy altar of Hepliaklqana.
  9324 | D:8      | Found a shadowy altar of Dithmenos.
  9339 | D:8      | Noticed a boulder beetle
  9342 | D:8      | Noticed a two-headed ogre
  9373 | D:8      | Killed a two-headed ogre
  9373 | D:8      | Reached **** piety under Okawaru
  9374 | D:8      | Reached skill level 10 in Fighting
  9374 | D:8      | Reached skill level 15 in Axes
  9625 | D:8      | Noticed a deep elf pyromancer
  9626 | D:8      | Noticed a red ugly thing
  9627 | D:8      | Noticed a two-headed ogre
  9627 | D:8      | Noticed a centaur warrior
  9631 | D:8      | Reached skill level 11 in Fighting
  9638 | D:8      | Killed a two-headed ogre
  9639 | D:8      | Reached skill level 12 in Fighting
  9642 | D:8      | Killed a centaur warrior
  9647 | D:8      | Killed a red ugly thing
  9648 | D:8      | Reached skill level 13 in Fighting
  9661 | D:8      | Killed a deep elf pyromancer
  9662 | D:8      | Reached XP level 11. HP: 49/108 MP: 14/14
  9862 | D:8      | Killed a boulder beetle
  9862 | D:8      | Received a gift from Okawaru
  9863 | D:8      | Reached skill level 14 in Fighting
  9927 | D:8      | Got Wuinn's Quarto of Repulsive Accelerants
  9996 | D:8      | Identified a scroll of acquirement
  9997 | D:8      | Acquired the +18 gold dragon scales of the Jolly Lovers
                  | {rPois rF+ rC+ Str+3 Dex+2}
 10344 | D:8      | Reached skill level 1 in Armour
 10770 | D:9      | Found Joaba's Assorted Antiques.
 10773 | D:9      | Bought a potion of heal wounds for 150 gold pieces
 11106 | D:9      | Found a runed translucent gate.
 11106 | D:9      | Found a runed translucent gate.
 11106 | D:9      | Found a runed translucent gate.
 11107 | D:9      | Noticed Uberchile's ghost (novice DrFE)
 11393 | D:10     | Entered Level 10 of the Dungeon
 11403 | D:10     | Reached ***** piety under Okawaru
 11424 | D:10     | Noticed a two-headed ogre
 11432 | D:10     | Killed a two-headed ogre
 11433 | D:10     | Reached skill level 5 in Armour
 11433 | D:10     | Noticed a two-headed ogre
 11437 | D:10     | Killed a two-headed ogre
 11519 | D:10     | Found a staircase to the Orcish Mines.
 11545 | D:10     | Noticed a two-headed ogre
 11559 | D:10     | Killed a two-headed ogre
 11561 | D:10     | Noticed a two-headed ogre
 11566 | D:10     | Identified the +9 longbow "Rureovod" {drain, Will+}
                  | (Okawaru gifted it to you on level 10 of the Dungeon)
 11566 | D:10     | Received a gift from Okawaru
 11572 | D:10     | Killed a two-headed ogre
 11700 | D:10     | Reached XP level 12. HP: 117/117 MP: 15/15
 11786 | D:10     | Reached skill level 10 in Armour
 11804 | D:10     | Found a staircase to the Lair.
 12442 | D:11     | Identified the +7 quarterstaff of Beentua {protect, Str+3}
                  | (Okawaru gifted it to you on level 11 of the Dungeon)
 12442 | D:11     | Received a gift from Okawaru
 12686 | D:11     | Found Duepson's Armour Shop.
 12761 | D:11     | Found Enkuj's Book Emporium.
 12812 | D:11     | Found Ewanihed's Antique Armour Shop.
 12830 | D:11     | Identified the +6 scale mail of a Labyrinth {Drain Fly
                  | rF+++ SInv}
 13145 | Lair:1   | Entered Level 1 of the Lair of Beasts
 13303 | Lair:1   | Reached skill level 15 in Fighting
 13424 | Lair:1   | Reached ****** piety under Okawaru
 13479 | Lair:1   | Identified the +1 buckler of Filunlot {rElec Regen+ rCorr
                  | Dex-3} (Okawaru gifted it to you on level 1 of the Lair of
                  | Beasts)
 13479 | Lair:1   | Received a gift from Okawaru
 14181 | Lair:2   | Found a staircase to the Shoals.
 14188 | Lair:2   | Reached XP level 13. HP: 123/127 MP: 19/19
 14591 | Lair:2   | Identified the +2 robe of Defence {Dex+3}
 14767 | D:11     | Bought a pair of crude gloves for 256 gold pieces
 14767 | D:11     | Identified the +0 pair of gloves of the Saviour {Rampage
                  | rF++ Dex-4 Stlth+} (You bought it in a shop on level 11 of
                  | the Dungeon)
 15159 | Lair:3   | Reached skill level 16 in Fighting
 15159 | Lair:3   | Reached skill level 10 in Invocations
 15331 | Lair:3   | Found a staircase to the Snake Pit.
 15850 | Lair:4   | Found a dark tunnel.
 15867 | Volcano  | Entered a volcano
 15889 | Volcano  | Identified the +3 ring mail of Kindness {*Corrode rPois
                  | Int+6 Dex+3} (Okawaru gifted it to you in a volcano)
 15889 | Volcano  | Received a gift from Okawaru
 16942 | Lair:4   | Found a staircase to the Slime Pits.
 16950 | Lair:4   | Reached skill level 17 in Fighting
 17351 | Lair:5   | Entered Level 5 of the Lair of Beasts
 17430 | Lair:5   | Reached XP level 14. HP: 112/140 MP: 21/21
 17446 | Lair:5   | Reached skill level 18 in Fighting
 17629 | Lair:5   | Found an iron altar of Okawaru.
 17793 | Lair:5   | Received a gift from Okawaru
 18068 | Lair:5   | Noticed a dire elephant
 18095 | Lair:5   | Killed a dire elephant
 18208 | Lair:5   | Received a gift from Okawaru
 18235 | Lair:5   | Reached skill level 15 in Armour
 18637 | Lair:5   | Found a burning altar of Makhleb.
 18795 | Lair:5   | Found a gateway to Hell.
 19354 | D:6      | Killed NitroKuite's ghost
 19558 | D:9      | Killed Uberchile's ghost
 19669 | D:9      | Bought a golden potion for 27 gold pieces
 19709 | Orc:1    | Entered Level 1 of the Orcish Mines
 19735 | Orc:1    | Noticed an orc warlord
 19746 | Orc:1    | Killed an orc warlord
 19761 | Orc:1    | Found a roughly hewn altar of Beogh.
 20214 | Orc:2    | Entered Level 2 of the Orcish Mines
 20214 | Orc:2    | Found a roughly hewn altar of Beogh.
 20214 | Orc:2    | Found a staircase to the Elven Halls.
 20410 | Orc:2    | Reached skill level 5 in Dodging
 20476 | Orc:2    | Found an ancient bone altar of Kikubaaqudgha.
 20476 | Orc:2    | Noticed Nergalle
 20483 | Orc:2    | Killed Nergalle
 20484 | Orc:2    | Reached XP level 15. HP: 150/150 MP: 23/23
 20492 | Orc:2    | Found Aqikuem's Magic Scroll Shop.
 20512 | Orc:2    | Paralysed by an orc sorcerer for 4 turns
 20630 | Orc:2    | Found a radiant altar of Vehumet.
 20647 | Orc:2    | Received a gift from Okawaru
 20667 | Orc:2    | Found Peopluef's Book Shop.
 20882 | Orc:2    | Found a roughly hewn altar of Beogh.
 20882 | Orc:2    | Found Lonkad's Book Shop.
 20904 | Orc:2    | Found Eppuir's Antique Armour Boutique.
 21318 | Orc:2    | Bought the +3 crown of Dyrovepreva {rElec Int+2 SInv} for
                  | 1242 gold pieces
 21318 | Orc:2    | Found the +3 crown of Dyrovepreva {rElec Int+2 SInv}
 21536 | D:12     | Identified the +10 sling of Light {antimagic, +Blink rF-
                  | rC+}
 21623 | D:12     | Noticed Psyche
 21628 | D:12     | Killed Psyche
 21650 | D:12     | Noticed Josephine
 21662 | D:12     | Killed Josephine
 21903 | Abyss:2  | Cast into level 2 of the Abyss (a wizard)
 21904 | Abyss:2  | Found a viscous altar of Jiyva.
 21927 | Abyss:2  | Found a corrupted altar of Lugonu.
 21937 | Abyss:2  | Found a corrupted altar of Lugonu.
 21937 | Abyss:2  | Found a corrupted altar of Lugonu.
 21972 | Abyss:2  | Found a corrupted altar of Lugonu.
 22123 | D:12     | Escaped the Abyss
 22278 | D:12     | Found the +3 warlock's mirror {omnireflect}
 22390 | D:12     | Found Wuorerpha's Jewellery Shoppe.
 22394 | D:12     | Acquired 834 gold pieces
 22420 | D:12     | Bought a ring of willpower for 325 gold pieces
 23145 | D:13     | Reached skill level 10 in Dodging
 23610 | D:13     | Found a gate to the Vaults.
 23619 | D:13     | Identified the +0 pair of gloves "Teym Dio" {Harm} (Okawaru
                  | gifted it to you on level 13 of the Dungeon)
 23619 | D:13     | Received a gift from Okawaru
 23891 | D:14     | Noticed a ghost moth
 23894 | D:14     | Noticed a ghost moth
 23895 | D:14     | Found the +9 staff of Olgreb {rPois∞}
 23896 | D:14     | Noticed a ghost moth
 23897 | D:14     | Noticed a ghost moth
 23897 | D:14     | Noticed a ghost moth
 24060 | D:14     | Found a runed translucent gate.
 24066 | D:14     | Found a runed translucent gate.
 24067 | D:14     | Found a runed translucent door.
 24078 | D:14     | Found a runed translucent gate.
 24079 | D:14     | Noticed an emperor scorpion
 24088 | D:14     | Found a runed translucent door.
 24724 | D:15     | Entered Level 15 of the Dungeon
 24737 | D:15     | Reached XP level 16. HP: 131/159 MP: 24/24
 24800 | D:15     | Found a portal to a secret trove of treasure.
 24934 | D:15     | Reached skill level 19 in Fighting
 24946 | D:15     | Found a staircase to the Depths.
 25086 | D:15     | Found a runed translucent gate.
 25086 | D:15     | Found a runed translucent gate.
 25087 | D:15     | Found a runed translucent gate.
 25141 | D:15     | Found a flickering gateway to a bazaar.
 25168 | Bazaar   | Entered a bazaar
 25168 | Bazaar   | Found Xegril's Antique Armour Shop.
 25168 | Bazaar   | Found Mivics's Book Shop.
 25168 | Bazaar   | Found Eteut's Armour Boutique.
 25168 | Bazaar   | Found Sacuw's Armour Boutique.
 25187 | Bazaar   | Bought a +0 cloak of willpower for 161 gold pieces
 25642 | D:15     | Noticed CommanderKeen's ghost (journeyman TrWr)
 25672 | D:15     | Found a sacrificial altar of Ru.
 26101 | Snake:1  | Entered Level 1 of the Snake Pit
 26402 | Snake:1  | Noticed Aizul
 26422 | Snake:1  | Killed Aizul
 26444 | Snake:1  | Identified the +2 ring mail of Fortitude {+Inv rF+ Str+3}
                  | (Okawaru gifted it to you on level 1 of the Snake Pit)
 26444 | Snake:1  | Received a gift from Okawaru
 26592 | Snake:1  | Noticed a nagaraja
 26613 | Snake:1  | Killed a nagaraja
 27682 | D:12     | Bought the amulet "Giageorgh" {Faith Rampage Dex+3} for 692
                  | gold pieces
 28036 | Snake:2  | Noticed a nagaraja
 28041 | Snake:2  | Killed a nagaraja
 28240 | Snake:2  | Noticed Mlioglotl
 28252 | Snake:2  | Noticed a tentacled starspawn
 28260 | Snake:2  | Killed Mlioglotl
 28453 | Snake:2  | Found Gol Viluy's Book Shoppe.
 28456 | Snake:2  | Found Bikusch's Assorted Antiques.
 28456 | Snake:2  | Found Gen Buek's General Store.
 28464 | Snake:2  | Found Pati's Book Emporium.
 29163 | Snake:3  | Received a gift from Okawaru
 29168 | Snake:3  | Reached XP level 17. HP: 137/170 MP: 25/27
 29558 | Snake:3  | Reached skill level 20 in Fighting
 29941 | Snake:3  | Received a gift from Okawaru
 30438 | Snake:3  | Identified the +1 leather armour "Ydatolae" {rC- Will+++
                  | Regen+}
 30480 | Snake:3  | Found Kani's General Store.
 30528 | Snake:3  | Found a transporter.
 31028 | Snake:3  | Found a transporter.
 31032 | Snake:3  | Noticed Vorhees's ghost (adept MiFi)
 31153 | Snake:3  | Identified the amulet "Uchukk" {Regen+ Str+3}
 31167 | Snake:3  | Killed Vorhees's ghost
 31369 | Snake:4  | Entered Level 4 of the Snake Pit
 32104 | Snake:4  | Reached XP level 18. HP: 178/178 MP: 28/28
 32192 | Snake:4  | Noticed Louise
 32209 | Snake:4  | Killed Louise
 32244 | Snake:4  | Received a gift from Okawaru
 32416 | Snake:4  | Got a serpentine rune of Zot
 32817 | Shoals:1 | Entered Level 1 of the Shoals
 32824 | Shoals:1 | Found Qofoof's Distillery.
 32827 | Shoals:1 | Found Yhareaq's Jewellery Shoppe.
 32837 | Shoals:1 | Bought a potion of curing for 54 gold pieces
 32837 | Shoals:1 | Bought 2 potions of curing for 108 gold pieces
 32837 | Shoals:1 | Bought 3 potions of curing for 162 gold pieces
 33089 | Shoals:1 | Found Woema's Jewellery Emporium.
 33105 | Shoals:1 | Found Uweuw's General Store.
 33664 | Shoals:2 | Found Kinnud's General Store.
 33694 | Shoals:2 | Received a gift from Okawaru
 33756 | Shoals:2 | Reached skill level 21 in Fighting
 34625 | Shoals:3 | Noticed Ilsuiw
 34643 | Shoals:3 | Killed Ilsuiw
 34851 | Shoals:3 | Received a gift from Okawaru
 35113 | Shoals:3 | Reached XP level 19. HP: 165/190 MP: 29/29
 35339 | Shoals:4 | Entered Level 4 of the Shoals
 35461 | Shoals:4 | Identified the +9 sling "Tedat" {drain, rPois rF+}
 35728 | Shoals:4 | Received a gift from Okawaru
 35728 | Shoals:4 | Found the +8 trident of the Octopus King {venom, rElec
                  | rPois}
 35858 | Shoals:4 | Reached skill level 22 in Fighting
 36157 | Shoals:4 | Got a barnacled rune of Zot
 36719 | Vaults:1 | Entered Level 1 of the Vaults
 36786 | Vaults:1 | Received a gift from Okawaru
 36919 | Vaults:1 | Noticed Asterion
 36927 | Vaults:1 | Killed Asterion
 36967 | Vaults:1 | Found Tipropp's Weapon Boutique.
 37280 | Vaults:1 | Identified the +0 cloak of Twilight {Rampage rElec Dex+5}
                  | (Okawaru gifted it to you on level 1 of the Vaults)
 37280 | Vaults:1 | Received a gift from Okawaru
 37848 | Vaults:2 | Reached XP level 20. HP: 170/200 MP: 30/30
 37956 | Vaults:2 | Found Weugalau's Distillery.
 37961 | Vaults:2 | Bought a potion of curing for 63 gold pieces
 38293 | Vaults:2 | Reached skill level 15 in Dodging
 38786 | D:15     | You paid a toll of 16 potions of curing to enter a treasure
                  | trove
 38787 | Trove    | Entered a treasure trove
 38796 | Trove    | Identified the +2 buckler "Ken Imo" {rN+ Will+ Int-5 SInv}
 38799 | Trove    | Identified the +0 ring mail "Qiarost" {Dex+2}
 38800 | Trove    | Identified the scarf of the Goldsmith {rC+ rF+, SInv}
 38802 | Trove    | Identified the +2 cloak of Lust {Drain Int+8 Dex+4 Stlth-}
 38804 | Trove    | Identified the +2 helmet of the Trout {rElec Int-4 SInv}
 38814 | Trove    | Identified the +7 plate armour of Valiance {rElec Slay+2}
 38954 | D:15     | Killed CommanderKeen's ghost
 38954 | D:15     | Received a gift from Okawaru
 39332 | Vaults:3 | Identified the +5 flail of Imbalance {heavy, Str+4}
 39484 | Vaults:3 | Identified the +8 dagger of Inaun {drain, rPois rF+ rC-}
 39578 | Vaults:3 | You are sucked into a shaft and drop 1 floor!
 39601 | Vaults:4 | Identified the +0 broad axe of Fear {drain, Fragile rF+
                  | rCorr} (Okawaru gifted it to you on level 4 of the Vaults)
 39601 | Vaults:4 | Received a gift from Okawaru
 39870 | Vaults:4 | Noticed Bai Suzhen
 39886 | Vaults:4 | Killed Bai Suzhen
 39888 | Vaults:4 | Identified the +4 crystal plate armour of Ejiemy {rF+ Dex+3
                  | Stlth+} (Okawaru gifted it to you on level 4 of the Vaults)
 39888 | Vaults:4 | Received a gift from Okawaru
 39924 | Vaults:4 | Found Hyurghia's Jewellery Shoppe.
 39944 | Vaults:4 | Identified the +4 sling "Beog" {heavy, Dex+3}
 40516 | Vaults:3 | Found a staircase to the Crypt.
 40516 | Vaults:3 | Found an ancient bone altar of Kikubaaqudgha.
 40516 | Vaults:3 | Found a basalt altar of Yredelemnul.
 40975 | Vaults:3 | Reached XP level 21. HP: 198/207 MP: 31/31
 41683 | Depths:1 | Entered Level 1 of the Depths
 41689 | Depths:1 | Found a radiant altar of Vehumet.
 42047 | Depths:1 | Found a one-way gate leading to the halls of Pandemonium.
 42277 | Depths:1 | Received a gift from Okawaru
 42311 | Depths:1 | Identified the +1 pair of gloves of the Tired Continents
                  | {rN+ Regen+ MP+9 Slay-2}
 43031 | Depths:2 | Found a magical portal.
 43050 | Depths:2 | Paralysed by a floating eye for 3 turns
 43124 | WizLab   | Entered Maxwell's Workshop
 43212 | WizLab   | Identified the ring of Luekuu {Ice Str+2}
 43368 | WizLab   | Identified the +7 short sword of Niutzit {drain, Will+
                  | SInv}
 43498 | WizLab   | Identified the -1 pair of boots "Wopnid" {rElec rF+ Int+3}
                  | (Okawaru gifted it to you in a wizard's laboratory)
 43498 | WizLab   | Received a gift from Okawaru
 43584 | WizLab   | Identified the ring "Afuemal" {Ice Str-2 Int+5}
 43606 | WizLab   | Identified the ring "Qikuef" {Fire Stlth+}
 43652 | WizLab   | Reached XP level 22. HP: 215/215 MP: 32/32
 44073 | Depths:2 | Found Cistosch's Weapon Shoppe.
 44085 | Depths:2 | Noticed a caustic shrike
 44099 | Depths:2 | Killed a caustic shrike
 44628 | Depths:2 | Noticed a golden dragon
 44656 | Depths:2 | Killed a golden dragon
 44667 | Depths:2 | Identified the +6 glaive "Qanomaefaf" {flame, *Noise rCorr
                  | Str+2}
 44885 | Depths:2 | Noticed a golden dragon
 44902 | Depths:2 | Killed a golden dragon
 44910 | Depths:2 | Noticed a golden dragon
 44915 | Depths:2 | Killed a golden dragon
 44936 | Depths:2 | Received a gift from Okawaru
 45340 | Depths:3 | Found a corrupted altar of Lugonu.
 45342 | Depths:3 | Found a one-way gate to the infinite horrors of the Abyss.
 45384 | Depths:3 | You are sucked into a shaft and drop 1 floor!
 45384 | Depths:4 | Entered Level 4 of the Depths
 45403 | Depths:4 | Received a gift from Okawaru
 45535 | Depths:4 | Noticed a juggernaut
 45544 | Depths:4 | Killed a juggernaut
 45688 | Depths:3 | Reached XP level 23. HP: 212/223 MP: 33/33
 45886 | Depths:3 | Found Okifo's Book Emporium.
 46091 | Depths:3 | Noticed a juggernaut
 46093 | Depths:3 | Found the +7 Spriggan's Knife {stab, EV+4 Stlth+}
 46093 | Depths:3 | Found the +7 captain's cutlass {speed, disarm}
 46093 | Depths:3 | Found the +8 mithril axe "Arga" {speed, Will+}
 46102 | Depths:3 | Killed a juggernaut
 46896 | Depths:3 | Reached skill level 1 in Shields
 47052 | Depths:3 | Identified the +6 mace of Imum {speed, rCorr}
 47077 | Depths:3 | Identified the +6 flail of the Sage {flame, rN+ Int+4
                  | Dex-3}
 47088 | Depths:3 | Identified the +12 spear of the Revolution {drain, rPois
                  | rN+}
 47302 | Depths:4 | Reached skill level 5 in Shields
 47435 | Depths:4 | Noticed a golden dragon
 47445 | Depths:4 | Killed a golden dragon
 47445 | Depths:4 | Received a gift from Okawaru
 47497 | Depths:4 | Noticed a golden dragon
 47514 | Depths:4 | Killed a golden dragon
 47718 | Depths:4 | Found a one-way gateway to a ziggurat.
 47742 | Depths:4 | Noticed a caustic shrike
 47742 | Depths:4 | Noticed a caustic shrike
 47745 | Depths:4 | Noticed a caustic shrike
 47761 | Depths:4 | Killed a caustic shrike
 47764 | Depths:4 | Killed a caustic shrike
 47768 | Depths:4 | Killed a caustic shrike
 47882 | Depths:4 | Noticed the Enchantress
 47934 | Depths:4 | Killed the Enchantress
 48048 | Depths:4 | Reached skill level 10 in Shields
 48268 | Depths:4 | Found a gate to the Realm of Zot.
 48579 | Elf:1    | Entered Level 1 of the Elven Halls
 49198 | Elf:1    | Found a radiant altar of Vehumet.
 49514 | Elf:2    | Reached skill level 23 in Fighting
 49582 | Elf:2    | Received a gift from Okawaru
 49661 | Elf:2    | Reached XP level 24. HP: 235/235 MP: 33/33
 49739 | Elf:2    | Found a runed translucent gate.
 49740 | Elf:2    | Found a runed translucent gate.
 49740 | Elf:2    | Found a runed translucent gate.
 50146 | Elf:2    | Found a gateway to a bazaar.
 50163 | Bazaar   | Entered a bazaar
 50163 | Bazaar   | Found Ojyca's Armour Shoppe.
 50163 | Bazaar   | Found Xium's Distillery.
 50163 | Bazaar   | Found Akhoen's General Store.
 50195 | Bazaar   | Bought a potion of haste for 70 gold pieces
 50195 | Bazaar   | Bought a potion of mutation for 56 gold pieces
 50195 | Bazaar   | Bought a potion of mutation for 56 gold pieces
 50195 | Bazaar   | Bought a potion of cancellation for 56 gold pieces
 50195 | Bazaar   | Bought a potion of berserk rage for 35 gold pieces
 50195 | Bazaar   | Bought a potion of curing for 21 gold pieces
 50195 | Bazaar   | Bought a potion of curing for 21 gold pieces
 50195 | Bazaar   | Bought a potion of curing for 21 gold pieces
 50201 | Bazaar   | Bought a potion of cancellation for 136 gold pieces
 50203 | Bazaar   | Bought a +2 kite shield of resistance for 373 gold pieces
 50225 | Bazaar   | Bought a scroll of enchant armour for 127 gold pieces
 50409 | Elf:2    | Reached skill level 24 in Fighting
 50429 | Elf:2    | Received a gift from Okawaru
 50786 | Elf:3    | Entered Level 3 of the Elven Halls
 50834 | Elf:3    | Paralysed by an air elemental for 1 turns
 50991 | Elf:3    | Identified the +6 spear of Geususy {freeze, Fly Will++
                  | Int-5 Dex+3}
 51028 | Elf:3    | Found Owu Fenk's Weapon Shoppe.
 51569 | Elf:3    | Reached skill level 25 in Fighting
 51778 | Elf:3    | Received a gift from Okawaru
 52039 | Elf:3    | Identified the amulet "Roiloet" {Acrobat +Inv Regen+ rCorr}
 52070 | Elf:3    | Identified the +8 ring mail "Fiadgh" {Str+3 Dex+2 Stlth+}
 52076 | Elf:3    | Identified the staff of cold "Hilaff" {rPois rF- rC+ rCorr
                  | Str+5}
 52083 | Elf:3    | Identified the +11 longbow of Might {freeze, rC+ Stlth+}
 52122 | Elf:3    | Found the +11 Singing Sword {sonic wave}
 52126 | Elf:3    | Reached skill level 26 in Fighting
 52137 | Elf:3    | Identified the +2 great sword of Eternal Vigilance {pain,
                  | Will+}
 52138 | Elf:3    | Identified the staff of poison "Joacavim" {rPois rF- Will+
                  | Str+3}
 52139 | Elf:3    | Identified the +2 ring mail of Catatonia {Str+8}
 52170 | Elf:3    | Got the Papyrus of Infection and the Mob
 52175 | Elf:3    | Identified the +0 scale mail of the Antique Hot Ocelot
                  | {-Cast rC+ Dex+2 SInv}
 52552 | Vaults:5 | Entered Level 5 of the Vaults
 52567 | Vaults:4 | Identified the +3 kite shield of the Riding Wonders {rC+
                  | MP+9 Int+4} (Okawaru gifted it to you on level 4 of the
                  | Vaults)
 52567 | Vaults:4 | Received a gift from Okawaru
 52764 | Vaults:5 | Reached skill level 27 in Fighting
 52768 | Vaults:5 | Reached XP level 25. HP: 90/257 MP: 33/33
 52945 | Vaults:5 | Identified the +5 mace "Tormentor" {vamp, rF+ Str+3 Stlth-}
 53100 | Vaults:5 | Noticed a dread lich
 53123 | Vaults:5 | Killed a dread lich
 53163 | Vaults:5 | Reached skill level 15 in Invocations
 53426 | Vaults:5 | Identified the +5 broad axe of Symmetry {venom, rPois
                  | Dex+3} (Okawaru gifted it to you on level 5 of the Vaults)
 53426 | Vaults:5 | Received a gift from Okawaru
 53463 | Vaults:5 | Identified the +1 pair of gloves of the Wilderness {rElec}
 53521 | Vaults:5 | Noticed a dread lich
 53536 | Vaults:5 | Killed a dread lich
 53707 | Vaults:5 | Identified the staff of air "Ycugrye" {rElec rF+ Str-2
                  | Int+3 Dex+3}
 53710 | Vaults:5 | Got a silver rune of Zot
 53715 | Vaults:5 | Identified the +0 sling "Heor Eko" {freeze, *Corrode +Blink
                  | Will- SInv}
 53716 | Vaults:5 | Identified the +1 dagger of Luhiz {flame, Dex+4}
 53725 | Vaults:5 | Identified the +3 spear of Midsummer {holy, rN+ Dex+2 SInv}
 54026 | Vaults:5 | Found Wuceeta's Antique Armour Shop.
 54092 | Vaults:5 | Received a gift from Okawaru
 54743 | Slime:1  | Entered Level 1 of the Pits of Slime
 55997 | Slime:3  | Reached skill level 15 in Shields
 56420 | Slime:3  | Reached skill level 5 in Throwing
 56520 | Slime:4  | Reached XP level 26. HP: 266/266 MP: 34/34
 56684 | Slime:4  | Paralysed by a floating eye for 3 turns
 56688 | Slime:4  | Paralysed by a floating eye for 3 turns
 56725 | Slime:4  | Paralysed by a floating eye for 4 turns
 57004 | Slime:5  | Entered Level 5 of the Pits of Slime
 57174 | Slime:5  | Noticed the Royal Jelly
 57208 | Slime:5  | Killed the Royal Jelly
 57225 | Slime:5  | Identified the +0 pair of boots "Doysis" {rC+ rCorr}
                  | (Okawaru gifted it to you on level 5 of the Pits of Slime)
 57225 | Slime:5  | Received a gift from Okawaru
 57404 | Slime:5  | Found the +3 giant club "Skullcrusher" {speed, Str+7}
 57404 | Slime:5  | Found the +3 Elemental Staff {rElec rF+ rC+ AC+3}
 57404 | Slime:5  | Found the +3 pair of seven-league boots {Rampage+∞}
 57407 | Slime:5  | Identified the orb of Failure {*Rage, Dex+3}
 57411 | Slime:5  | Got the Discourse on Molten Enchantment
 57480 | Slime:5  | Got a slimy rune of Zot
 57482 | Slime:5  | Identified the +2 battleaxe of Suzoa {venom, Drain rC+
                  | Dex+4 Stlth+}
 57483 | Slime:5  | Identified the +8 trident "Doysh" {flame, +Blink Str+2}
 57495 | Slime:5  | Identified the ring of Qyask {+Blink Fly rN+ Str+6}
 57582 | Slime:5  | Identified the staff of earth "Lubezuck" {Fragile rC++
                  | Str+8 Int-5}
 58291 | Zot:1    | Entered Level 1 of the Realm of Zot
 58345 | Zot:1    | Found a runed translucent door.
 58345 | Zot:1    | Noticed Emnejil's ghost (master VSBe)
 58579 | Zot:1    | Reached skill level 10 in Throwing
 60149 | Zot:1    | Killed Emnejil's ghost
 60337 | Zot:2    | Identified the amulet of Xeleimi {rElec rF++ Regen+ rCorr
                  | Int-2}
 60363 | Zot:2    | Identified the staff of death "Daucliq" {rF+ rC+ rN+ Str+3}
 60389 | Zot:2    | Identified the +6 halberd "Qoamisor" {freeze, *Noise rElec
                  | rF+ Dex+5}
 60732 | Zot:2    | Identified the +2 helmet "Zixkouj" {rC+ Str+2} (Okawaru
                  | gifted it to you on level 2 of the Realm of Zot)
 60732 | Zot:2    | Received a gift from Okawaru
 60964 | Zot:2    | Reached XP level 27. HP: 259/273 MP: 34/34
 61514 | Zot:3    | Reached skill level 15 in Throwing
 61648 | Zot:3    | Identified the +1 scale mail "Ececwo" {Regen+}
 62289 | Zot:3    | Identified the +4 plate armour "Katezew" {Dex+4 Stlth+}
                  | (Okawaru gifted it to you on level 3 of the Realm of Zot)
 62289 | Zot:3    | Received a gift from Okawaru
 63985 | Zot:4    | Noticed an orb of fire
 64051 | Zot:4    | a Killer Klown changed into a juggernaut
 64051 | Zot:4    | Noticed a juggernaut
 64057 | Zot:4    | Killed a juggernaut
 64534 | Zot:4    | Paralysed by you for 3 turns
 64816 | Zot:4    | Identified the +7 war axe of Kigy {venom, Stlth+}
 67168 | Elf:3    | Bought 5 javelins for 210 gold pieces
 67437 | D:3      | Fell from the grace of Okawaru
 67437 | D:3      | Became a worshipper of the Shining One
 67783 | Crypt:1  | Entered Level 1 of the Crypt
 67866 | Crypt:1  | Reached * piety under the Shining One
 67938 | Crypt:1  | Acquired a manual of Invocations
 68293 | Crypt:1  | Reached ** piety under the Shining One
 68437 | Crypt:1  | Noticed Mennas
 68484 | Crypt:1  | Killed Mennas
 68508 | Crypt:1  | Reached *** piety under the Shining One
 68656 | Crypt:1  | Reached **** piety under the Shining One
 68839 | Crypt:2  | Reached ***** piety under the Shining One
 68975 | Crypt:2  | Noticed Saint Roka
 69007 | Crypt:2  | Killed Saint Roka
 69326 | Crypt:2  | Noticed Sojobo
 69340 | Crypt:2  | Killed Sojobo
 69579 | Crypt:3  | Entered Level 3 of the Crypt
 69611 | Crypt:3  | Noticed a royal mummy
 69626 | Crypt:3  | Killed a royal mummy
 69627 | Crypt:3  | Identified the ring "Didaip" {rN+ MP+9 Dex+4}
 69627 | Crypt:3  | Identified the ring "Gusuxe Oqua" {rN+ Int+2}
 69627 | Crypt:3  | Identified the ring "Cocwujib" {rPois rN+ Slay+4}
 69696 | Crypt:3  | Reached ****** piety under the Shining One
 70084 | Crypt:3  | Identified the +6 quarterstaff of the Imperium {venom,
                  | Int+4 Dex-4}
 71356 | Elf:3    | Got the Parchment of Beckoning and Impurities
 71359 | Elf:3    | Identified a +5 broad axe of holy wrath (a +3 broad axe
                  | blessed by the Shining One)
 71359 | Elf:3    | Received a gift from the Shining One
 71531 | D:9      | Bought a scroll of enchant weapon for 225 gold pieces
 72166 | Crypt:3  | Found the +6 Majin-Bo {spellvamp, MP+6 Int+6}
 72242 | Crypt:3  | Found a staircase to the Tomb.
 72695 | Hell     | Entered the Vestibule of Hell
 72695 | Hell     | Noticed Geryon
 72723 | Hell     | Killed Geryon
 72961 | Hell     | Found a gateway to the Iron City of Dis.
 73076 | Hell     | Found a gateway to the freezing wastes of Cocytus.
 73232 | Hell     | Found a gateway to the decaying netherworld of Tartarus.
 73392 | Hell     | Found a gateway to the ashen valley of Gehenna.
 73487 | Hell     | Was forgiven by Okawaru
 73647 | Pan      | Entered Pandemonium
 73987 | Pan      | Noticed Guczekk the pandemonium lord
 74035 | Pan      | HP: 10/273 [drowned by Guczekk the pandemonium lord (24)]
 74042 | Pan      | Killed Guczekk the pandemonium lord
 74235 | Pan      | Noticed Xamudo the pandemonium lord
 74468 | Pan      | Killed Xamudo the pandemonium lord
 74791 | Pan      | Got a demonic rune of Zot
 75032 | Pan      | Identified the +5 scimitar "Jochaub" {chaos, Int-2 Dex+3
                  | SInv}
 75037 | Pan      | Noticed Lor Boodo the pandemonium lord
 75896 | Pan      | Entered the realm of Gloorx Vloq.
 76202 | Pan      | Identified the +0 leather armour "Ruept" {rN+ Will++ Dex-2}
 76367 | Pan      | Noticed Gloorx Vloq
 76378 | Pan      | Killed Gloorx Vloq
 76463 | Pan      | Got a dark rune of Zot
 76612 | Pan      | Entered the realm of Cerebov.
 76612 | Pan      | Found the +6 sword of Cerebov {flame}
 76612 | Pan      | Noticed Cerebov
 76643 | Pan      | Identified the +7 short sword of Pain and Death {holy, rF+
                  | Int+5 Dex-2}
 76834 | Pan      | Killed Cerebov
 76859 | Pan      | Got a fiery rune of Zot
 77025 | Pan      | Entered the realm of Lom Lobon.
 77309 | Pan      | Found an exit through the horrors of the Abyss.
 77741 | Pan      | Noticed Lom Lobon
 77986 | Pan      | Killed Lom Lobon
 78209 | Pan      | Got a magical rune of Zot
 78724 | Pan      | Entered the realm of Mnoleg.
 78731 | Pan      | Gained mutation: You occasionally lose the ability to read
                  | scrolls when taking damage. [a cacodemon]
 78789 | Pan      | Lost mutation: You are somewhat resistant to further
                  | mutation. [potion of mutation]
 78789 | Pan      | Lost mutation: You occasionally lose the ability to read
                  | scrolls when taking damage. [potion of mutation]
 78789 | Pan      | Gained mutation: You occasionally lose the ability to drink
                  | potions when taking damage. [potion of mutation]
 78789 | Pan      | Gained mutation: You are somewhat resistant to further
                  | mutation. [potion of mutation]
 78790 | Pan      | Lost mutation: You are somewhat resistant to further
                  | mutation. [potion of mutation]
 78790 | Pan      | Lost mutation: You occasionally lose the ability to drink
                  | potions when taking damage. [potion of mutation]
 78790 | Pan      | Gained mutation: You are strong-willed. (Will+) [potion of
                  | mutation]
 78955 | Pan      | Gained mutation: You sometimes lose your temper in combat.
                  | [a shining eye]
 78962 | Pan      | Gained mutation: Your spells are a little easier to cast,
                  | but a little less powerful. [a shining eye]
 78966 | Pan      | Gained mutation: You are dopey. (Int -2) [a shining eye]
 79032 | Pan      | Gained mutation: You occasionally lose the ability to read
                  | scrolls when taking damage. [a neqoxec]
 79092 | Pan      | Gained mutation: You are occasionally teleported next to
                  | monsters. [a cacodemon]
 79097 | Pan      | Lost mutation: You occasionally lose the ability to read
                  | scrolls when taking damage. [potion of mutation]
 79097 | Pan      | Lost mutation: You sometimes lose your temper in combat.
                  | [potion of mutation]
 79097 | Pan      | Gained mutation: You are robust. (+10% HP) [potion of
                  | mutation]
 79097 | Pan      | Lost mutation: You are occasionally teleported next to
                  | monsters. [potion of mutation]
 79225 | Pan      | Noticed Mnoleg
 79226 | Pan      | Paralysed by a floating eye for 4 turns
 79250 | Pan      | Paralysed by a floating eye for 3 turns
 79257 | Pan      | Paralysed by a floating eye for 4 turns
 79257 | Pan      | Gained mutation: You occasionally shout uncontrollably at
                  | your foes. [a cacodemon]
 79263 | Pan      | Killed Mnoleg
 79374 | Pan      | Got a glowing rune of Zot
 79429 | Pan      | Got the Textbook on Massed Confrontation
 79901 | Pan      | Found an exit through the horrors of the Abyss.
 79914 | Pan      | Took an exit into the Abyss.
 79914 | Abyss:3  | Escaped into the Abyss
 79933 | Abyss:3  | Found a corrupted altar of Lugonu.
 79934 | Abyss:3  | Found a transporter.
 80266 | Abyss:3  | Gained mutation: You are vulnerable to heat. (rF-) [a
                  | neqoxec]
 80270 | Abyss:3  | Gained mutation: You are clumsy. (Dex -2) [a neqoxec]
 80371 | Abyss:3  | Found a corrupted altar of Lugonu.
 80506 | Abyss:3  | Got an abyssal rune of Zot
 80719 | Abyss:4  | Found a corrupted altar of Lugonu.
 80729 | Abyss:4  | Found a burning altar of Makhleb.
 80730 | Abyss:4  | Found a corrupted altar of Lugonu.
 80763 | Depths:1 | Escaped the Abyss
 80764 | Depths:1 | Lost mutation: You are robust. (+10% HP) [potion of
                  | mutation]
 80764 | Depths:1 | Lost mutation: Your spells are a little easier to cast, but
                  | a little less powerful. [potion of mutation]
 80764 | Depths:1 | Lost mutation: You are strong-willed. (Will+) [potion of
                  | mutation]
 80764 | Depths:1 | Gained mutation: You are robust. (+10% HP) [potion of
                  | mutation]
 80764 | Depths:1 | Gained mutation: You are very vulnerable to heat. (rF--)
                  | [potion of mutation]
 80764 | Depths:1 | Gained mutation: You expend magic power (3 MP) to
                  | strengthen your wands. [potion of mutation]
 80765 | Depths:1 | Lost mutation: You are dopey. (Int -2) [potion of mutation]
 80765 | Depths:1 | Lost mutation: You occasionally shout uncontrollably at
                  | your foes. [potion of mutation]
 80766 | Depths:1 | Lost mutation: You expend magic power (3 MP) to strengthen
                  | your wands. [potion of mutation]
 80766 | Depths:1 | Lost mutation: You are very vulnerable to heat. (rF--)
                  | [potion of mutation]
 80766 | Depths:1 | Lost mutation: You are clumsy. (Dex -2) [potion of
                  | mutation]
 80766 | Depths:1 | Gained mutation: You have sharp fingernails. [potion of
                  | mutation]
 80766 | Depths:1 | Gained mutation: You possess an exceptional clarity of
                  | mind. [potion of mutation]
 80766 | Depths:1 | Gained mutation: Armour fits poorly on your strangely
                  | shaped body. [potion of mutation]
 80766 | Depths:1 | Gained mutation: You have large cloven feet. [potion of
                  | mutation]
 80767 | Depths:1 | Lost mutation: You have sharp fingernails. [potion of
                  | mutation]
 80767 | Depths:1 | Lost mutation: Armour fits poorly on your strangely shaped
                  | body. [potion of mutation]
 80767 | Depths:1 | Lost mutation: You are robust. (+10% HP) [potion of
                  | mutation]
 80767 | Depths:1 | Gained mutation: You are agile. (Dex +4, Str/Int -1)
                  | [potion of mutation]
 80767 | Depths:1 | Lost mutation: You possess an exceptional clarity of mind.
                  | [potion of mutation]
 80768 | Depths:1 | Lost mutation: You have large cloven feet. [potion of
                  | mutation]
 80768 | Depths:1 | Lost mutation: You are vulnerable to heat. (rF-) [potion of
                  | mutation]
 80768 | Depths:1 | Gained mutation: You are weak. (Str -2) [potion of
                  | mutation]
 80768 | Depths:1 | Gained mutation: Your mind is acute. (Int +4, Str/Dex -1)
                  | [potion of mutation]
 80768 | Depths:1 | Gained mutation: You possess an exceptional clarity of
                  | mind. [potion of mutation]
 80853 | Coc:1    | Entered Level 1 of Cocytus
 80935 | Coc:2    | Paralysed by a wendigo for 1 turns
 81228 | Coc:4    | Noticed a dread lich
 81243 | Coc:4    | Killed a dread lich
 81433 | Coc:6    | Noticed a dread lich
 81451 | Coc:6    | The Shining One protects you from harm!
 81467 | Coc:6    | The Shining One protects you from harm!
 81471 | Coc:6    | Killed from afar by a hellion

Illustrated notes

Levels and vault maps discovered:
D:1:      dpeg_arrival_rooms_b, layout_loops_ring, serial_co_window_serial,
          co_window_corner_a, co_window_corner_a, co_window_corner_a,
          co_window_paths_b, co_window_paths_b, co_window_paths_a,
          co_window_paths_a, co_window_of_opportunity_a, co_window_corner_a,
          co_window_of_opportunity_b, co_window_of_opportunity_b,
          co_window_corner_b, co_window_broadway_b, co_window_cross_3,
          co_window_unsneaky_path_a, glass_columns_a, glass_columns_c,
          glass_columns_b, glass_columns_a, glass_columns_b
D:2:      layout_basic, kennysheep_minor_cross
D:3:      layout_basic, minitemple, minmay_fountain_box
D:4:      layout_basic, nicolae_sif_muna_condensation, serial_shops, shop,
          uniq_menkaure
D:5:      layout_basic, gup_sewer_entry_spiral
D:6:      layout_loops_ring, marbit_many_paths, gammafunk_ghost_arena,
          serial_rivers, chequers_serial_rivers_marsh,
          chequers_serial_rivers_micro_b, chequers_serial_rivers_micro_d,
          chequers_serial_rivers_room_a, chequers_serial_rivers_small_3,
          chequers_serial_rivers_micro_d, minivault_25, uniq_blork_the_orc,
          uniq_duvessa
D:7:      layout_cave_pools, minmay_temple_entry_large_hall
D:8:      minmay_the_grid_octo_2x2 [minmay_the_grid_octo_empty,
          minmay_the_grid_octo_shrine, minmay_the_grid_octo_checkerflower,
          minmay_the_grid_octo_prize_ultimate_mussel_roller], layout_basic
D:9:      layout_basic, serial_shops, nicolae_shop_real_fake_doors,
          gammafunk_ghost_spectres, hangedman_decor_push
D:10:     layout_basic, erik_lair_orcish_takeover, david_orc_3, st_stairs_2,
          minmay_misc_feat_five
D:11:     layout_irregular_city, serial_shops, shop, shop, shop,
          item_on_display_a
D:12:     minmay_smoke_and_mirrors, layout_cave_pools, serial_shops,
          nicolae_shop_back_alley_shop, uniq_josephine, uniq_psyche
D:13:     layout_basic, david_vaults_1, kennysheep_windowed_goal
D:14:     layout_roguey, serial_bayou_shore_a,
          minmay_guarded_unrand_staff_of_olgreb
D:15:     gammafunk_enter_depths_forms, layout_loops_ring, serial_shops,
          bzr_entry_dummy, nicolae_trove_entry_columns,
          nicolae_ru_path_of_blood, gammafunk_ghost_necromancy
Lair:1:   layout_long_grid, serial_bayou_pond_b, evilmike_ambush
          [evilmike_ambush_outer_basic, evilmike_ambush_inner_wall_2],
          grunt_megastairs_2
Lair:2:   wander_river, layout_chaotic_city, nicolae_shoals_entry_roost
Lair:3:   layout_cave_pods, minmay_snake_entry_guardpost_small,
          cheibrodos_lair_caveside_slide
Lair:4:   layout_cave_pods, nicolae_slime_entry_field_trip,
          nicolae_volcano_entry_batcave, lemuel_fruit_fields, grunt_megastairs_5
Lair:5:   evil_forest, layout_big_grid, basic_altar, serial_bayou_shore_b
Shoals:1: layout_shoals, serial_shops, nicolae_shop_peninsula, shop, shop,
          nicolae_lakefront_shop, nicolae_shoals_water_shrine
Shoals:2: layout_shoals, serial_shops, nicolae_shop_statue_plus
Shoals:3: layout_shoals, nicolae_shoals_water_booths, uniq_ilsuiw
Shoals:4: shoals_end_hellmonk_lost_city, serial_shops
Snake:1:  layout_chambers, uniq_aizul
Snake:2:  layout_onion_interference, minmay_shoptagon, uniq_mlioglotl
Snake:3:  layout_rooms, serial_shops, shop, gammafunk_ghost_berserking_beasts,
          nicolae_snake_salamander_jacuzzi
Snake:4:  snake_pit_salamanders_mu, layout_misc_corridors, uniq_louise
Slime:1:  layout_caves
Slime:2:  layout_caves
Slime:3:  layout_caves
Slime:4:  layout_caves, nicolae_slime_getting_an_eyeful
Slime:5
Orc:1:    layout_diamond_mine, basic_altar
Orc:2:    kennysheep_orc_mage_school, layout_diamond_mine, basic_altar
Elf:1:    elf_arrival_002, layout_loops_corners, basic_altar
Elf:2:    nicolae_elf_blades_crystal_corner, layout_onion_city, serial_shops,
          statue_bzr, lemuel_flame_loot_1
Elf:3:    minmay_elf_hall_four_x, layout_gridlike, serial_shops, shop,
          st_stairs_7, solitary_fountain, statue_in_the_mist_lemuel
Vaults:1: hangedman_vaults_corner_blocks, nicolae_vaults_trapezoid_1,
          nicolae_vaults_tangram_1, v_rooms_3, nicolae_vaults_prndl,
          vaults_mumra_minichess, nicolae_vaults_tetromino_T_2, v_alt_pattern_3,
          nicolae_vaults_little_guard_posts, nicolae_vaults_apartment_1,
          hangedman_vaults_trim, layout_vaults_ring, serial_shops, shop,
          uniq_asterion
Vaults:2: hangedman_vaults_pinch, ontoclasm_vaults_fault,
          ontoclasm_vaults_loading_screen, nicolae_vaults_apartment_1,
          nicolae_vaults_closet_pinwheel_2, vaults_room_pool,
          nicolae_vaults_what_the_h, nicolae_vaults_tetromino_Z_1,
          ontoclasm_vaults_ligature, layout_vaults_omnibox, serial_shops,
          nicolae_shop_rolling_square
Vaults:3: dpeg_vaults_hating_casters, vaults_room_grid, v_rooms_4,
          nicolae_vaults_closet_pinwheel_1, nicolae_vaults_asterisk,
          minmay_crypt_entry_necro_gods, vaults_dpeg_doors, vaults_mumra_hex,
          nicolae_vaults_tetromino_Z_2, vaults_dpeg_emergency_exit,
          layout_vaults_omnigrid
Vaults:4: nicolae_vaults_tetromino_Z_1, v_alt_pattern_2, nicolae_vaults_two_Ls,
          nicolae_vaults_house_3, nicolae_vaults_apartment_2,
          nicolae_vaults_double_plus_3, nicolae_vaults_wine_cellar, v_misc_23,
          vaults_dpeg_ring, nicolae_vaults_tetromino_Z_1,
          layout_vaults_big_room, serial_shops, shop, uniq_bai_suzhen
Vaults:5
Crypt:1:  layout_gridlike, grunt_crypt_arrival_split, uniq_mennas
Crypt:2:  layout_chaotic_city, grunt_megastairs_3, uniq_saint_roka, uniq_sojobo
Crypt:3:  due_elkab, layout_chaotic_city, tomb_entry_forgotten_bobbens
Depths:1: layout_roguey, lightli_too_deep, roderic_lattice_a,
          rand_demon_pan_entry_5, fiery_altar_vehumet,
          roderic_lattice_octagonal_star
Depths:2: evilmike_diamond_2, layout_twisted_cross,
          infiniplex_enter_wizlab_water, hell_entry, grunt_pan_entry_zigzag,
          nicolae_lava_and_water, serial_shops,
          nicolae_shop_bloodbath_and_beyond, infiniplex_staircase_squiggle
Depths:3: giant_chief_lemuel, layout_cave_pools, hangedman_decor_growths,
          pf_dread_powers_of_hell, abyss_entry_flame_altar, serial_shops, shop
Depths:4: grunt_zot_entry_gee_three, layout_gridlike, enter_ziggurat_d,
          hell_entry, rand_demon_pan_entry_7, solitary_fountain,
          kennysheep_random_hallway, serial_bayou_shore_b, uniq_enchantress
Hell
Coc:1:    layout_cocytus_water_paths
Coc:2:    layout_cocytus_water_paths
Coc:3:    layout_cocytus_water_paths
Coc:4:    layout_cocytus_water_paths
Coc:5:    layout_ice_bergs
Coc:6:    layout_ice_bergs
Zot:1:    layout_gridlike, hellmonk_ghost_happy_afterlife
Zot:2:    kennysheep_oblong_rooms, layout_twisted_circle, guppyfry_library_mini
Zot:3:    kennysheep_six_static_rooms, layout_misc_corridors,
          hangedman_zot_wheel_spokes
Zot:4:    gammafunk_mikee_crab_dinner, layout_cathedral_of_symmetry,
          nrook_zot_tub

Skill      XL: |  1  2  3  4  5  6  7  8  9 10 11 12 13 14 15 16 17 18 19 20 21 22 23 24 25 26 27 |
---------------+----------------------------------------------------------------------------------+-----
Fighting       | 3 4 5 6 7 9 13 14 15 17 18 19 20 21 22 23 27 | 27.0
Axes           | 5 6 7 8 10 11 14 15 19 | 19.0
Invocations    | 2 5 9 10 11 13 14 15 25 | 25.5
Armour         | 9 11 13 15 16 18 19 21 22 26 | 26.1
Dodging        | 5 10 11 12 13 14 16 18 21 22 25 | 25.6
Shields        | 10 15 21 | 21.0
Throwing       | 5 14 16 | 16.0

Action                     |  1- 3 |  4- 6 |  7- 9 | 10-12 | 13-15 | 16-18 | 19-21 | 22-24 | 25-27 || total
---------------------------+-------+-------+-------+-------+-------+-------+-------+-------+-------++-------
  Melee: War axe           |    91 |   150 |   195 |       |       |       |       |       |       ||   436
         Punch             |     1 |     1 |     2 |       |       |       |       |       |       ||     4
         Battleaxe         |       |       |    72 |   321 |   687 |   395 |       |       |       ||  1475
         Great mace        |       |       |       |       |     6 |       |       |       |       ||     6
         Dire flail        |       |       |       |       |    24 |       |       |       |       ||    24
         Executioner's axe |       |       |       |       |       |   482 |  1045 |   374 |       ||  1901
         Broad axe         |       |       |       |       |       |       |       |  1060 |  4813 ||  5873
         Unarmed           |       |       |       |       |       |       |       |       |     4 ||     4
  Throw: Dart              |       |       |       |     1 |     1 |       |       |       |       ||     2
         Javelin           |       |       |       |       |       |       |       |       |     5 ||     5
 Invoke: Heroism           |       |       |     4 |     7 |    11 |    15 |     7 |     8 |     1 ||    53
         Finesse           |       |       |       |       |       |     2 |       |       |     1 ||     3
         Summon Divine War |       |       |       |       |       |       |       |       |     9 ||     9
         Divine Shield     |       |       |       |       |       |       |       |       |     7 ||     7
         Cleansing Flame   |       |       |       |       |       |       |       |       |     2 ||     2
         Brand Weapon With |       |       |       |       |       |       |       |       |     1 ||     1
  Evoke: Wand              |       |       |       |     3 |       |       |     1 |       |       ||     4
    Use: Potion            |       |       |     8 |     1 |     1 |       |       |     1 |    27 ||    38
         Scroll            |       |       |     7 |     7 |    11 |    13 |     3 |     1 |    26 ||    68
   Stab: Invisible         |       |       |       |       |       |       |       |       |     2 ||     2
         Paralysed         |       |       |       |       |       |       |       |       |     2 ||     2
         Confused          |       |       |       |       |       |       |       |       |     1 ||     1
         Petrified         |       |       |       |       |       |       |       |       |     1 ||     1
 Armour: Leather armour    |    11 |       |       |       |       |       |       |       |       ||    11
         Scale mail        |    24 |    69 |   104 |    39 |       |       |       |       |       ||   236
         Gold dragon scale |       |       |       |   263 |   733 |   828 |   811 |   552 |  1417 ||  4604
         Skin              |       |       |       |       |       |       |       |       |     4 ||     4
  Dodge: Dodged            |    42 |    58 |   129 |   128 |   317 |   683 |  1057 |   819 |  2950 ||  6183
  Block: Buckler           |       |       |       |       |       |       |       |   281 |  1661 ||  1942
         Reflection        |       |       |       |       |       |       |       |    58 |   186 ||   244
         Kite shield       |       |       |       |       |       |       |       |       |   405 ||   405
